 Dungeon Crawl Stone Soup version 0.27-a0-1548-gf8a67e7463 (webtiles) character file.

Game seed: 10206959392102641608

282 dolemite99 the Chopper (level 6, -6/51 HPs)
             Began as a Minotaur Abyssal Knight on July 14, 2021.
             Was a Believer of Lugonu.
             Mangled by an ice beast (8 damage)
             ... on level 3 of the Dungeon.
             The game lasted 00:04:03 (4294 turns).

dolemite99 the Chopper (Minotaur Abyssal Knight)    Turns: 4294, Time: 00:04:04

Health: -6/51      AC:  5    Str: 17 (18) XL:     6   Next: 6%
Magic:  6/6        EV: 10    Int:  8 (9)  God:    Lugonu [**....]
Gold:   156        SH:  0    Dex:  9 (10) Spells: 5/5 levels left

rFire    . . .     SeeInvis .   m - +4 flail
rCold    . . .     Faith    .   (no shield)
rNeg     . . .     Spirit   .   e - +0 ring mail
rPois    .         Reflect  .   (helmet restricted)
rElec    .         Harm     .   (no cloak)
rCorr    .         Rampage  .   (no gloves)
Will     .....                  (no boots)
Stlth    ..........             (no amulet)
HPRegen  0.17/turn              (no ring)
MPRegen  0.10/turn              (no ring)

@: no status effects
A: horns 2, retaliatory headbutt
a: Renounce Religion, Depart the Abyss, Bend Space


You were on level 3 of the Dungeon.
You worshipped Lugonu.
Lugonu was pleased with you.
You visited 1 branch of the dungeon, and saw 4 of its levels.
You visited the Abyss 1 time.

You collected 156 gold pieces.

Inventory:

Hand Weapons
 a - a +1 hand axe
 b - a +2 dagger of venom
 g - a +1 mace of protection
 m - a +4 flail (weapon)
Missiles
 d - 69 sling bullets
 l - 12 bolts
 o - 20 arrows
 r - 38 stones
Armour
 e - a +0 ring mail (worn)
 i - a +0 leather armour
Jewellery
 k - a +4 ring of evasion
 n - a ring of wizardry
Wands
 h - a wand of iceblast (10)
Scrolls
 c - 2 scrolls of fear {unknown}
 f - 2 scrolls of vulnerability {unknown}
 j - 3 scrolls of identify {unknown}
 q - a scroll of holy word {unknown}


   Skills:
 - Level 3.6 Fighting
 - Level 6.3(6.9) Axes
 + Level 4.2(5.9) Maces & Flails
 - Level 2.4 Armour
 - Level 1.1 Dodging
 - Level 1.7 Invocations


You had 5 spell levels left.
You didn't know any spells.
Your spell library contained the following spells:

 Spells                   Type           Power      Damage    Failure   Level
 Slow                     Hex            0%         N/A       75%         2
 Confusing Touch          Hex            0%         N/A       93%         3
 Vampiric Draining        Necr           0%         2d6       93%         3


Dungeon Overview and Level Annotations

Branches:
Dungeon (4/15)             Temple (0/1) D:4

Altars:


Innate Abilities, Weirdness & Mutations

You have a pair of horns on your head.
You reflexively headbutt those who attack you in melee.


Message History

The iguana closely misses you.
You sock the iguana!
You kill the iguana!
Lugonu accepts your kill.
The ice beast hits you but does no damage.
Your base Maces & Flails skill increases to level 4!
You have reached level 6!
Your experience leads to an increase in your attributes!
Your base attributes are Str 17, Int 9, Dex 10.
Increase (S)trength, (I)ntelligence, or (D)exterity?
You feel stronger.
You hit the ice beast but do no damage.
The ice beast hits you but does no damage.
You hit the ice beast but do no damage.
The ice beast hits you but does no damage.
The gnoll throws a stone.
The stone closely misses you.
You closely miss the ice beast. Your headbutt misses the ice beast.
The ice beast hits you. The ice beast freezes you!
The ice beast closely misses you.
The gnoll throws a stone.
The stone barely misses you. The ice beast hits you. The ice beast freezes you!
The ice beast hits you but does no damage.
There is a stone staircase leading up, spattered with blood here.
The ice beast hits you but does no damage.
You climb upwards.
There is a stone staircase leading down here.
You hit the ice beast.
The ice beast is lightly wounded.
The ice beast hits you. The ice beast freezes you!
* * * LOW HITPOINT WARNING * * *
You hit the ice beast but do no damage. You headbutt the ice beast.
The ice beast is lightly wounded.
The ice beast hits you but does no damage.
You thump the ice beast!
You headbutt the ice beast, but do no damage.
The ice beast is heavily wounded.
The ice beast hits you.
* * * LOW HITPOINT WARNING * * *
The ice beast freezes you!
You die...

##### #...# ######## #...#
#######.)....## #...#
#.............##
#...########.#########....#
#..........@.#...#...#....#
#....######.Y#.#.#.#.#....#
#......####..#.#.#.#.#....##
#...##....#..#.#.#.#.#......
##...#####<...#.#.#.#.#...###
#####.............#.#.#.#.#....##
#...#..........#..#.#.#.#.#.....#
..8............#....#(..#.......#
...............#..#########.....)


You could see an ice beast.

Vanquished Creatures
  An orc priest (D:3)
  An iguana (D:4)
  A hound skeleton (D:4)
  6 adders
  6 gnolls
  An adder skeleton (D:4)
  2 worms (D:3)
  A dart slug (D:3)
  8 orcs
  6 ball pythons
  6 endoplasms
  2 giant cockroaches
  3 goblins
  5 hobgoblins
  8 jackals
  9 kobolds
  5 quokkas
  7 bats
  3 frilled lizards
  4 rats
85 creatures vanquished.

Notes
Turn   | Place    | Note
-------+----------+-------------------------------------------
     0 | Abyss:1  | dolemite99 the Minotaur Abyssal Knight began the quest for
                  | the Orb.
     0 | Abyss:1  | Reached XP level 1. HP: 19/19 MP: 1/1
     0 | D:1      | Escaped the Abyss
    71 | D:1      | Reached skill level 3 in Axes
    97 | D:1      | Reached * piety under Lugonu
    98 | D:1      | Reached XP level 2. HP: 26/26 MP: 2/2
   319 | D:1      | Reached skill level 4 in Axes
   660 | D:1      | Reached XP level 3. HP: 25/31 MP: 3/3
  1285 | D:2      | Reached skill level 5 in Axes
  1601 | D:2      | Reached XP level 4. HP: 39/39 MP: 4/4
  2045 | D:3      | Found a faded altar of an unknown god.
  2109 | D:3      | Reached ** piety under Lugonu
  2133 | D:3      | Reached skill level 6 in Axes
  2317 | D:3      | Reached XP level 5. HP: 26/45 MP: 5/5
  2331 | D:3      | Reached skill level 1 in Maces & Flails
  3384 | D:3      | HP: 2/45 [adder (1)]
  4145 | D:4      | Noticed an ice beast
  4284 | D:4      | Reached XP level 6. HP: 51/51 MP: 6/6
  4294 | D:3      | HP: 2/51 [ice beast (4)]
  4294 | D:3      | Mangled by an ice beast

Illustrated notes

Levels and vault maps discovered:
D:1:      heliophobic_arrival_battle_scene, layout_basic
D:2:      layout_basic, minmay_misc_feat_rows
D:3:      layout_rooms, ebering_ecumenical_altar_abandoned, minivault_27,
          grunt_ministairs_9, minmay_misc_feat_hallway, serial_park_tiny_1
D:4:      layout_rooms, minmay_temple_entry_nine_rooms

Skill      XL: |  1  2  3  4  5 |
---------------+----------------+-----
Axes           | 3 4 5 6 |  6.3
Maces & Flails | 4 |  4.2
Fighting       | |  3.6
Armour         | |  2.4
Dodging        | |  1.1
Invocations    | |  1.7

Action                   |  1- 3 |  4- 6 || total
-------------------------+-------+-------++-------
Melee: Hand axe          |    77 |       ||    77
       Headbutt          |    13 |    16 ||    29
       Dagger            |     7 |    33 ||    40
       Flail             |       |    81 ||    81
Invok: Depart the Abyss  |     1 |       ||     1
  Use: Potion            |       |     5 ||     5
       Scroll            |       |     1 ||     1
Armor: Leather armour    |    16 |       ||    16
       Ring mail         |    24 |    55 ||    79
Dodge: Dodged            |    57 |    80 ||   137

Table legend: (Time is in decaauts)
 A = Elapsed time spent in this place.
 B = Non-inter-level travel time spent in this place.
 C = Inter-level travel time spent in this place.
 D = Time resting spent in this place.
 E = Time spent auto-exploring this place.
 F = Levels seen in this place.
 G = Mean time per level.
                   A        B        C        D        E       F      G
               +--------+--------+--------+--------+--------+-----+--------+
         Total |   4297 |   4189 |    108 |   1754 |   1696 |   5 |  859.4 |
       Dungeon |   4297 |   4189 |    108 |   1754 |   1696 |   4 | 1074.2 |
         Abyss |      0 |      0 |      0 |      0 |      0 |   1 |    0.0 |
               +--------+--------+--------+--------+--------+-----+--------+

Top non-repeatable levels by time:
     D:3: 2003 daAuts
     D:2: 1136 daAuts
     D:1: 835 daAuts
     D:4: 321 daAuts
